cohdb
Replays
Latest Replays
All Replays
Popular Replays
Top Player Replays
Match Explorer
How It Works
Community
CoH3 Stats
Reddit
Sign in to upload your games and track your stats! →
Sign in with Steam
Match 41758315
Unlisted
Match 41758315
Overview
Messages
Build Orders
End
Scout Squad
Scout Squad
Construct Weapon Support Center
Selects Heavy Weapons
M1919 Machine Gun Team
Bazooka Squad
M1919 Machine Gun Team
Bazooka Squad
Mechanized Support Center
Selects M2HB .50cal Heavy Machine Gun
Construct Medical Station
M3 Armored Personnel Carrier
M3 Armored Personnel Carrier
Engineer Squad
Scout Squad
M3 Armored Personnel Carrier
Selects Rapid Reposition
Construct Medical Station
Salvage Crew
BigTiddyLebron
kreumat
R.R.
NoLifeIsPower
0
0
Comments
sign in to comment!
No comments posted yet!